General information
- name: BNet
- type: Ladder team game (AT/RT)
- host: Battle.net
- saver: yumyumjam
map: CopperCanyon
- players: 6
- length: 31:24
- speed: Fast
- version: 1.26 W3XP
- replay type: Public
» download(257 KB)
Players
team 1 (loser)
Go_g0 (
teal | 98 APM | 3084 actions | 31:22)
3 Blademaster
2 Wind Walk
1 Critical Strike
2 Shadow Hunter
1 Hex
1 Healing Wave
» actions
| Assign group hotkey | 118 | |
| Basic commands | 179 | |
| Build / train | 94 | |
| ESC pressed | 2 | |
| Enter build submenu | 16 | |
| Enter hero's abilities submenu | 5 | |
| Give item / drop item | 7 | |
| Right click | 1382 | |
| Select / deselect | 491 | |
| Select group hotkey | 669 | |
| Use ability | 121 | |
3084 total
» units
| Peon | 8 | |
| Grunt | 7 | |
| Wind Rider | 8 | |
| Troll Batrider | 20 | |
| Shaman | 5 | |
| Troll Witch Doctor | 1 | |
49 total
» upgrades
| Berserker Strength | 1 | |
| Shaman Training | 2 | |
| Envenomed Spears | 1 | |
| Liquid Fire | 1 | |
| Witch Doctor Training | 2 | |
| Armor | 1 | |
| Ranged Weapons | 1 | |
9 total
» buildings
| Altar of Storms | 1 | |
| Orc Burrow | 7 | |
| Barracks | 1 | |
| Voodoo Lounge | 1 | |
| Stronghold | 3 | |
| Fortress | 1 | |
| Spirit Lodge | 1 | |
| Beastiary | 2 | |
| Great Hall | 1 | |
| War Mill | 1 | |
19 total
» build order
00:07 Altar of Storms
00:17 Orc Burrow
00:42 Barracks
01:38 Orc Burrow
02:17 Voodoo Lounge
02:49 Stronghold
02:49 Stronghold
04:21 Orc Burrow
06:18 Fortress
06:40 Spirit Lodge
06:44 Beastiary
06:49 Beastiary
07:24 Orc Burrow
07:30 Orc Burrow
12:21 Orc Burrow
16:16 Orc Burrow
17:07 Great Hall
24:54 War Mill
» items
| Rod of Necromancy | 1 | |
| Dust of Appearance | 2 | |
| Lesser Clarity Potion | 4 | |
| Potion of Healing | 3 | |
| Healing Salve | 6 | |
| Orb of Lightning | 1 | |
| Scroll of Town Portal | 4 | |
| Scroll of Healing | 1 | |
| Scroll of Protection | 1 | |
| Scroll of Speed | 1 | |
24 total
skrappy (
pink | 73 APM | 2302 actions | 31:23)
3 Dreadlord
2 Sleep
1 Vampiric Aura
1 Death Knight
1 Unholy Aura
» actions
| Assign group hotkey | 42 | |
| Build / train | 68 | |
| Enter build submenu | 29 | |
| Enter hero's abilities submenu | 4 | |
| Give item / drop item | 4 | |
| Remove unit from queue | 2 | |
| Right click | 1659 | |
| Select / deselect | 326 | |
| Select group hotkey | 100 | |
| Use ability | 68 | |
2302 total
» units
| Acolyte | 9 | |
| Ghoul | 12 | |
| Necromancer | 1 | |
| Gargoyle | 10 | |
| Obsidian Statue | 2 | |
| Frost Wyrm | 5 | |
39 total
» upgrades
| Unholy Strength | 1 | |
| Unholy Armor | 2 | |
| Creature Attack | 3 | |
| Creature Carapace | 3 | |
| Skeletal Mastery | 1 | |
| Skeletal Longevity | 1 | |
| Freezing Breath | 1 | |
12 total
» buildings
| Crypt | 2 | |
| Ziggurat | 9 | |
| Altar of Darkness | 1 | |
| Tomb of Relics | 1 | |
| Graveyard | 1 | |
| Halls of the Dead | 1 | |
| Temple of the Damned | 2 | |
| Slaughterhouse | 2 | |
| Sacrificial Pit | 1 | |
| Black Citadel | 1 | |
| Necropolis | 1 | |
| Boneyard | 2 | |
24 total
» build order
00:10 Crypt
00:13 Ziggurat
00:15 Ziggurat
00:36 Altar of Darkness
01:16 Ziggurat
01:48 Tomb of Relics
02:40 Graveyard
04:07 Halls of the Dead
05:17 Ziggurat
06:34 Temple of the Damned
06:36 Temple of the Damned
08:15 Slaughterhouse
08:16 Slaughterhouse
08:18 Sacrificial Pit
08:44 Black Citadel
09:43 Necropolis
10:59 Crypt
12:40 Ziggurat
12:42 Ziggurat
12:52 Ziggurat
12:57 Ziggurat
15:32 Ziggurat
19:25 Boneyard
19:27 Boneyard
» items
| Rod of Necromancy | 1 | |
| Healing Salve | 2 | |
| Lesser Clarity Potion | 1 | |
| Scroll of Speed | 1 | |
| Scroll of Town Portal | 1 | |
| Orb of Corruption | 1 | |
7 total

»
w3Bz.nana (
red | 84 APM | 2620 actions | 31:17)
3 Blademaster
2 Wind Walk
1 Critical Strike
2 Dark Ranger
1 Black Arrow
1 Silence
» actions
| Assign group hotkey | 31 | |
| Basic commands | 24 | |
| Build / train | 96 | |
| Enter build submenu | 15 | |
| Enter hero's abilities submenu | 5 | |
| Remove unit from queue | 4 | |
| Right click | 1177 | |
| Select / deselect | 223 | |
| Select group hotkey | 983 | |
| Use ability | 62 | |
2620 total
» units
| Peon | 7 | |
| Grunt | 10 | |
| Troll Batrider | 29 | |
| Demolisher | 17 | |
63 total
» upgrades
| Liquid Fire | 1 | |
| Burning Oil | 1 | |
| Reinforced Defenses | 1 | |
| Ranged Weapons | 1 | |
| Armor | 1 | |
5 total
» buildings
| Altar of Storms | 1 | |
| Orc Burrow | 7 | |
| Barracks | 1 | |
| Voodoo Lounge | 1 | |
| Stronghold | 2 | |
| Beastiary | 2 | |
| War Mill | 1 | |
| Fortress | 2 | |
| Great Hall | 1 | |
18 total
» build order
00:09 Altar of Storms
00:20 Orc Burrow
00:36 Barracks
01:31 Orc Burrow
02:00 Voodoo Lounge
03:56 Stronghold
03:56 Stronghold
04:21 Orc Burrow
04:22 Orc Burrow
07:04 Beastiary
08:34 War Mill
09:00 Fortress
09:00 Fortress
09:28 Orc Burrow
09:30 Orc Burrow
11:13 Orc Burrow
11:55 Beastiary
18:52 Great Hall
» items
| Healing Salve | 3 | |
| Lesser Clarity Potion | 5 | |
| Scroll of Speed | 1 | |
| Orb of Lightning | 1 | |
| Scroll of Town Portal | 1 | |
| Dust of Appearance | 1 | |
12 total
team 2 (winner)
AngryAtTyler (
orange | 101 APM | 3161 actions | 31:23)
4 Blademaster
2 Wind Walk
2 Critical Strike
3 Shadow Hunter
2 Hex
1 Healing Wave
» actions
| Assign group hotkey | 23 | |
| Basic commands | 24 | |
| Build / train | 80 | |
| ESC pressed | 2 | |
| Enter build submenu | 73 | |
| Enter hero's abilities submenu | 8 | |
| Give item / drop item | 5 | |
| Right click | 1696 | |
| Select / deselect | 257 | |
| Select group hotkey | 657 | |
| Use ability | 336 | |
3161 total
» units
» upgrades
| Spiked Barricades | 1 | |
| Ranged Weapons | 2 | |
| Ensnare | 1 | |
| Liquid Fire | 1 | |
| Reinforced Defenses | 1 | |
6 total
» buildings
| Altar of Storms | 1 | |
| Orc Burrow | 3 | |
| War Mill | 1 | |
| Watch Tower | 59 | |
| Stronghold | 4 | |
| Beastiary | 2 | |
| Fortress | 2 | |
| Voodoo Lounge | 5 | |
| Great Hall | 1 | |
78 total
» build order
00:19 Altar of Storms
00:22 Orc Burrow
00:44 War Mill
01:59 Watch Tower
02:27 Watch Tower
02:44 Watch Tower
03:16 Watch Tower
03:20 Watch Tower
04:03 Stronghold
04:03 Stronghold
04:03 Stronghold
05:00 Watch Tower
05:00 Watch Tower
05:04 Watch Tower
05:06 Orc Burrow
06:23 Watch Tower
06:28 Beastiary
06:31 Beastiary
06:50 Fortress
06:50 Fortress
06:56 Voodoo Lounge
07:00 Voodoo Lounge
07:44 Watch Tower
08:35 Voodoo Lounge
08:45 Voodoo Lounge
09:13 Watch Tower
09:18 Orc Burrow
09:20 Watch Tower
09:21 Watch Tower
09:38 Watch Tower
11:41 Voodoo Lounge
13:10 Watch Tower
16:34 Great Hall
16:42 Watch Tower
16:43 Watch Tower
16:44 Watch Tower
16:45 Watch Tower
16:52 Watch Tower
18:00 Watch Tower
18:00 Watch Tower
18:02 Watch Tower
18:02 Watch Tower
18:19 Watch Tower
19:04 Watch Tower
19:05 Watch Tower
19:06 Watch Tower
19:08 Watch Tower
19:12 Watch Tower
19:12 Watch Tower
19:19 Watch Tower
19:23 Watch Tower
19:30 Watch Tower
19:30 Watch Tower
19:57 Watch Tower
23:11 Watch Tower
23:12 Watch Tower
23:15 Watch Tower
23:17 Watch Tower
23:20 Watch Tower
24:32 Watch Tower
24:33 Watch Tower
24:39 Watch Tower
25:19 Watch Tower
25:20 Watch Tower
25:22 Watch Tower
25:25 Watch Tower
26:16 Watch Tower
26:32 Watch Tower
26:35 Watch Tower
26:36 Watch Tower
26:37 Watch Tower
26:39 Watch Tower
27:31 Watch Tower
27:37 Watch Tower
27:39 Watch Tower
27:47 Watch Tower
27:48 Watch Tower
» items
| Staff of Teleportation | 4 | |
| Boots of Speed | 2 | |
| Orb of Lightning | 2 | |
| Healing Salve | 2 | |
| Lesser Clarity Potion | 1 | |
11 total
GoToYurup (
yellow | 102 APM | 3201 actions | 31:23)
5 Warden
2 Shadow Strike
3 Blink
3 Pandaren Brewmaster
2 Breath of Fire
1 Drunken Haze
» actions
| Assign group hotkey | 292 | |
| Basic commands | 30 | |
| Build / train | 71 | |
| ESC pressed | 5 | |
| Enter build submenu | 18 | |
| Enter hero's abilities submenu | 8 | |
| Give item / drop item | 7 | |
| Remove unit from queue | 3 | |
| Right click | 1613 | |
| Select / deselect | 481 | |
| Select group hotkey | 489 | |
| Use ability | 184 | |
3201 total
» units
» upgrades
| Strength of the Wild | 3 | |
| Well Spring | 1 | |
| Reinforced Hides | 4 | |
| Corrosive Breath | 1 | |
9 total
» buildings
| Altar of Elders | 1 | |
| Moon Well | 5 | |
| Tree of Ages | 3 | |
| Hunter's Hall | 1 | |
| Tree of Eternity | 2 | |
| Ancient of Wind | 1 | |
| Ancient of Wonders | 1 | |
| Chimaera Roost | 2 | |
| Tree of Life | 3 | |
19 total
» build order
00:01 Altar of Elders
00:08 Moon Well
01:14 Moon Well
03:55 Tree of Ages
03:55 Tree of Ages
03:55 Tree of Ages
05:23 Hunter's Hall
06:16 Tree of Eternity
06:19 Ancient of Wind
07:46 Moon Well
08:47 Moon Well
08:49 Ancient of Wonders
08:50 Chimaera Roost
08:51 Chimaera Roost
09:50 Moon Well
10:17 Tree of Life
10:38 Tree of Life
20:34 Tree of Life
» items
| Boots of Speed | 2 | |
| Healing Salve | 1 | |
| Scroll of Town Portal | 2 | |
| Staff of Sanctuary | 2 | |
| Orb of Lightning | 2 | |
| Periapt of Vitality | 1 | |
| Circlet of Nobility | 2 | |
| Staff of Teleportation | 2 | |
14 total
yumyumjam (
purple | 130 APM | 4093 actions | 31:24)
4 Archmage
2 Blizzard
2 Brilliance Aura
3 Blood Mage
2 Flame Strike
1 Siphon Mana
2 Mountain King
1 Storm Bolt
1 Bash
» actions
| Assign group hotkey | 521 | |
| Basic commands | 9 | |
| Build / train | 162 | |
| Enter build submenu | 102 | |
| Enter hero's abilities submenu | 11 | |
| Give item / drop item | 5 | |
| Right click | 1889 | |
| Select / deselect | 451 | |
| Select group hotkey | 687 | |
| Use ability | 256 | |
4093 total
» units
| Peasant | 32 | |
| Priest | 1 | |
| Sorceress | 1 | |
34 total
» upgrades
| Masonry | 3 | |
| Lumber Harvesting | 2 | |
| Magic Sentry | 1 | |
| Priest Training | 1 | |
| Sorceress Training | 1 | |
8 total
» buildings
| Altar of Kings | 1 | |
| Farm | 4 | |
| Scout Tower | 111 | |
| Lumber Mill | 1 | |
| Arcane Tower | 11 | |
| Guard Tower | 74 | |
| Keep | 1 | |
| Arcane Vault | 4 | |
| Arcane Sanctum | 1 | |
| Castle | 1 | |
| Town Hall | 1 | |
210 total
» build order
00:19 Altar of Kings
00:34 Farm
00:59 Farm
01:18 Scout Tower
01:21 Lumber Mill
01:30 Scout Tower
01:33 Scout Tower
01:37 Farm
01:43 Scout Tower
01:48 Arcane Tower
01:48 Arcane Tower
01:48 Arcane Tower
01:59 Arcane Tower
02:01 Scout Tower
02:04 Scout Tower
02:06 Scout Tower
02:15 Scout Tower
02:16 Scout Tower
02:24 Guard Tower
02:42 Guard Tower
02:42 Guard Tower
02:51 Scout Tower
03:09 Scout Tower
03:09 Guard Tower
03:09 Guard Tower
03:14 Scout Tower
03:15 Guard Tower
03:21 Scout Tower
03:22 Guard Tower
04:15 Scout Tower
04:16 Scout Tower
04:17 Scout Tower
04:18 Scout Tower
04:24 Guard Tower
04:25 Scout Tower
04:26 Scout Tower
04:43 Arcane Tower
04:52 Guard Tower
05:09 Scout Tower
05:16 Guard Tower
05:18 Scout Tower
06:18 Guard Tower
06:32 Guard Tower
06:32 Guard Tower
06:54 Scout Tower
06:55 Scout Tower
07:04 Scout Tower
07:05 Scout Tower
07:05 Scout Tower
07:11 Scout Tower
07:41 Keep
07:58 Guard Tower
08:00 Scout Tower
08:02 Scout Tower
08:13 Guard Tower
08:15 Scout Tower
08:16 Scout Tower
08:20 Arcane Vault
09:10 Guard Tower
09:10 Guard Tower
09:11 Scout Tower
09:12 Arcane Tower
09:15 Scout Tower
09:16 Scout Tower
09:20 Guard Tower
09:21 Arcane Vault
09:24 Scout Tower
09:25 Scout Tower
09:30 Farm
09:49 Guard Tower
09:51 Scout Tower
09:58 Guard Tower
10:03 Arcane Sanctum
10:17 Guard Tower
10:21 Guard Tower
10:31 Guard Tower
10:53 Scout Tower
10:57 Guard Tower
11:53 Castle
12:11 Scout Tower
12:17 Guard Tower
12:17 Guard Tower
12:17 Guard Tower
12:26 Scout Tower
12:27 Scout Tower
13:20 Guard Tower
13:28 Guard Tower
13:31 Scout Tower
13:31 Scout Tower
13:45 Scout Tower
13:50 Scout Tower
13:57 Scout Tower
13:58 Scout Tower
14:00 Scout Tower
14:01 Scout Tower
14:40 Guard Tower
15:06 Scout Tower
15:08 Arcane Tower
15:08 Guard Tower
15:39 Guard Tower
15:40 Arcane Tower
16:05 Town Hall
16:07 Scout Tower
16:08 Scout Tower
16:09 Scout Tower
16:09 Scout Tower
16:10 Scout Tower
16:11 Scout Tower
16:12 Scout Tower
16:13 Scout Tower
16:14 Scout Tower
16:14 Scout Tower
16:15 Scout Tower
16:16 Scout Tower
16:18 Scout Tower
16:19 Scout Tower
16:20 Scout Tower
16:20 Scout Tower
16:21 Scout Tower
16:22 Scout Tower
16:27 Scout Tower
16:30 Scout Tower
16:36 Guard Tower
16:36 Guard Tower
17:06 Arcane Tower
17:07 Guard Tower
17:25 Guard Tower
17:26 Guard Tower
17:26 Guard Tower
17:52 Guard Tower
17:55 Guard Tower
17:58 Guard Tower
18:00 Arcane Tower
18:03 Scout Tower
18:04 Scout Tower
18:13 Guard Tower
18:16 Guard Tower
18:20 Guard Tower
18:24 Guard Tower
18:46 Guard Tower
18:48 Scout Tower
18:48 Scout Tower
18:51 Guard Tower
18:59 Scout Tower
19:00 Scout Tower
19:01 Scout Tower
19:02 Scout Tower
19:07 Guard Tower
19:10 Scout Tower
19:10 Scout Tower
19:11 Scout Tower
19:30 Guard Tower
19:44 Guard Tower
19:52 Guard Tower
20:11 Scout Tower
20:13 Scout Tower
20:21 Guard Tower
21:23 Guard Tower
21:25 Scout Tower
21:37 Guard Tower
21:38 Scout Tower
21:39 Scout Tower
21:45 Arcane Vault
22:13 Guard Tower
22:14 Scout Tower
22:54 Guard Tower
23:06 Scout Tower
23:08 Guard Tower
23:10 Scout Tower
23:11 Scout Tower
23:24 Scout Tower
23:27 Scout Tower
23:36 Guard Tower
23:45 Scout Tower
23:46 Scout Tower
24:12 Guard Tower
24:22 Guard Tower
25:04 Guard Tower
25:14 Scout Tower
25:16 Scout Tower
25:17 Scout Tower
25:18 Scout Tower
26:37 Guard Tower
26:39 Guard Tower
26:41 Scout Tower
26:42 Scout Tower
26:43 Scout Tower
27:14 Guard Tower
27:34 Guard Tower
27:57 Guard Tower
28:08 Scout Tower
28:09 Scout Tower
28:11 Scout Tower
28:11 Scout Tower
28:12 Scout Tower
28:25 Guard Tower
28:27 Arcane Vault
28:29 Scout Tower
28:29 Scout Tower
28:45 Guard Tower
29:25 Guard Tower
29:26 Scout Tower
29:38 Scout Tower
30:07 Guard Tower
30:12 Scout Tower
» items
| Boots of Speed | 3 | |
| Staff of Teleportation | 3 | |
| Scroll of Regeneration | 4 | |
| Staff of Sanctuary | 3 | |
| Orb of Lightning | 3 | |
| Scroll of Town Portal | 1 | |
17 total
Chat log
(00:26 / All) yumyumjam: terrible
(00:28 / All) yumyumjam: Mannér
(03:27 / All) AngryAtTyler: 1 SEC PLS
(03:28 / All) AngryAtTyler: pizza
(21:29 / All) yumyumjam: why didn't u let us pause
(21:50 / All) skrappy: шеы ифв пфьу
(22:38 / All) skrappy: its bad game
(22:49 / All) yumyumjam: why didn't u let us pause?`?
(22:51 / All) yumyumjam: this is your fault
(23:04 / All) GoToYurup: you wouldnt let us pause.. then you tried to pause.. SHAMEFUL
(23:15 / All) yumyumjam: Hypocrites get towercrits
(24:27 / All) skrappy: omg
(28:02 / All) yumyumjam: why didn't u let us pause!!
(28:12 / All) Go_g0: idiots
(28:15 / All) yumyumjam: we'll trade this expansion
(28:19 / All) yumyumjam: For an apology
(28:20 / All) Go_g0: y
(28:33 / All) yumyumjam: apologize now and you can have the gold
(30:59 / All) skrappy: suck bitches
(31:05 / All) yumyumjam: you want this expansion??
(31:07 / All) yumyumjam: apologize
(31:08 / All) yumyumjam: or die
(31:14 / All) yumyumjam: gg noobs...
(31:23 / All) yumyumjam: gg noobs :)))))))